 Dungeon Crawl Stone Soup version 0.14-a0-848-g57a047c (webtiles) character file.

95 4tharraofdagon the Chopper (level 3, 0/33 HPs)
             Began as a Naga Gladiator on Nov 14, 2013.
             Slain by an adder (2 damage)
             ... on Level 2 of the Dungeon.
             The game lasted 00:02:00 (434 turns).

4tharraofdagon the Chopper (Naga Gladiator)          Turns: 434, Time: 00:02:00

HP   0/33        AC  4     Str 18      XL: 3   Next: 75%
MP   2/2         EV  7     Int  8      God:
Gold 46          SH  6     Dex 11      Spells:  0 memorised,  2 levels left

Res.Fire  : . . .   See Invis. : +   a - +0 hand axe
Res.Cold  : . . .   Warding    : .   i - +0 orc ring mail
Life Prot.: . . .   Conserve   : .   h - +0 buckler
Res.Poison: +       Res.Corr.  : .   c - +0 helmet
Res.Elec. : .       Clarity    : .   (no cloak)
Sust.Abil.: . .     Spirit.Shd : .   (no gloves)
Res.Mut.  : .       Stasis     : .   (no barding)
Res.Rott. : .       Flight     : .   (no amulet)
Saprovore : . . .                    (no ring)
                                     (no ring)

@: short of breath, very slow, slightly resistant to hostile enchantments,
extremely unstealthy
A: spit poison, see invisible, deformed body, poison resistance, slowness 2, AC
+1
a: Spit Poison


You were on level 2 of the Dungeon.
You were not hungry.

You visited 1 branch of the dungeon, and saw 3 of its levels.

You collected 46 gold pieces.

Inventory:

Hand weapons
 a - a +0,+0 hand axe (weapon)
Missiles
 d - 3 throwing nets (quivered)
Armour
 b - a +0 leather armour
 c - a +0 helmet (worn)
 h - a +0 buckler (worn)
 i - a +0 orcish ring mail (worn)
 m - a -1 orcish ring mail
Comestibles
 f - a bread ration
Scrolls
 e - 2 scrolls of teleportation {unknown}
 g - a scroll of identify
 j - a scroll of random uselessness {unknown}
 k - a scroll of remove curse
 l - a scroll of enchant armour


   Skills:
 + Level 2.4 Fighting
 * Level 4.0 Axes
 - Level 1.7 Throwing
 + Level 0.8 Armour
 - Level 2.4 Dodging


You had 2 spell levels left.
You didn't know any spells.

Dungeon Overview and Level Annotations

Branches:
Dungeon (3/16)

Altars:


Innate Abilities, Weirdness & Mutations

You cannot wear boots.
You can spit poison.
Your serpentine skin is tough (AC +1).
You have supernaturally acute eyesight.
Armour fits poorly on your strangely shaped body.
Your system is resistant to poisons.
You cover ground very slowly.


Message History

You can't do that yet.
Unknown command.
You have got your breath back.
The adder bites you but does no damage.
Use which ability? (? or * to list)
Press: ? - help, Shift-Dir - straight line, f/p - adder
Aim: an adder (lightly wounded)
The splash of poison hits the adder.
The adder is heavily wounded.
You feel slightly more hungry. The adder bites you.
* * * LOW HITPOINT WARNING * * *
Unknown command.
You hit the adder.
The adder is almost dead.
The adder barely misses you.
Unknown command.
You miss the adder.
The adder is almost dead.
The adder bites you but does no damage. The adder bites you.
You die...

#...........# #.......
#...........# ######'#'###<
#...........####........###.
#...........>.............+.
#...........)...........###.
########...............)# #.
#......%.........####
#....................
#...@............#..#
#####S##..[......#...
#.##.........# ..
#.##...####### #. #.##...# .
#.##...# #.##...# #.#.....
#.# ....


You could see an adder.

Vanquished Creatures
  Ijyb (D:2)
  An adder (D:2)
  2 giant geckos (D:1)
  An orc (D:2)
  A bat (D:2)
  2 hobgoblins
  2 jackals (D:2)
  A ball python (D:2)
  2 giant cockroaches (D:2)
  2 giant newts
  2 goblins (D:1)
  A kobold (D:2)
  3 rats
21 creatures vanquished.

Notes
Turn   | Place    | Note
--------------------------------------------------------------
     0 | D:1      | 4tharraofdagon, the Naga Gladiator, began the quest for the Orb.
     0 | D:1      | Reached XP level 1. HP: 20/20 MP: 0/0
    68 | D:1      | timbw: no cleave on GSC
    74 | D:1      | timbw: ::
    75 | D:1      | Ladykiller69: you have to be somewhat cautious
   169 | D:1      | Reached XP level 2. HP: 27/27 MP: 1/1
   234 | D:1      | Ladykiller69: but once you get chei FUN occurs
   258 | D:2      | Noticed Ijyb
   275 | D:2      | Killed Ijyb
   275 | D:2      | Reached XP level 3. HP: 24/33 MP: 2/2
   290 | D:2      | Ladykiller69: FUN being murder
   359 | D:2      | Reached skill level 4 in Axes
   434 | D:2      | Slain by an adder

Action                   || total
-------------------------++-------
Melee: Hand axe          ||    74
 Abil: Spit Poison       ||    11
  Use: Potion            ||     2
       Scroll            ||     2
